 Dungeon Crawl Stone Soup version 0.25.1-2-g60ff931df9 (webtiles) character file.

Game seed: 11517493421421127708

197123 Drachen the Fencer (level 17, -2/141 HPs)
             Began as a Demigod Gladiator on Oct 12, 2020.
             Killed from afar by a thorn hunter (13 damage)
             ... with a volley of thorns
             ... on level 4 of the Swamp.
             The game lasted 04:32:18 (46779 turns).

Drachen the Fencer (Demigod Gladiator)             Turns: 46779, Time: 04:32:19

Health: -2/141     AC: 10    Str: 26    XL:     17   Next: 18%
Magic:  0/33       EV: 29    Int: 12    God:
Gold:   3160       SH:  8    Dex: 27    Spells: 13/32 levels left

rFire    + . .     SeeInvis .   s - +7 triple sword (holy)
rCold    + . .     Gourm    .   (shield currently unavailable)
rNeg     . . .     Faith    .   c - +1 robe of Wanlops {+Fly Str+5 Dex+4} (curse)
rPois    +         Spirit   +   V - +2 hat
rElec    .         Reflect  .   W - scarf {rC+ rF+}
rCorr    .         Harm     .   E - +1 pair of gloves {archery}
MR       ++...                  x - +0 pair of boots
Stlth    ++........             I - brooch of Shielding {Spirit SH+8}
HPRegen  0.33/turn              u - +4 ring of slaying
MPRegen  0.23/turn              v - ring of poison resistance

@: hasted, studying Long Blades, very quick
A: slimy green scales 1, high mp 1, magic resistance 1, screaming 1
}: 1/15 runes: gossamer
a: Evoke Flight


You were on level 4 of the Swamp.
You were near starving.

You visited 7 branches of the dungeon, and saw 33 of its levels.

You collected 4438 gold pieces.
You spent 1278 gold pieces at shops.

Inventory:

Hand Weapons
 d - the +11 short sword of Resourcefulness {drain, rF++ MR- Int+5}
   (You took it off a big kobold on level 5 of the Dungeon)

   A truly terrible weapon, it drains the life of those it strikes.
   It affects your intelligence (+5).
   It greatly protects you from fire.
   It affects your resistance to hostile enchantments.
 i - a +2 scimitar of flaming
 q - a +4 long sword of freezing
 s - a +7 triple sword of holy wrath (weapon)
 L - a +1 long sword of holy wrath
 T - the +7 long sword of Siroe {venom, rElec rC+ Stlth+}
   (You found it on level 10 of the Dungeon)

   It poisons the flesh of those it strikes.
   It protects you from cold.
   It insulates you from electricity.
   It makes you more stealthy.
Missiles
 g - a curare-tipped dart (quivered)
Armour
 c - the cursed +1 robe of Wanlops (worn) {+Fly Str+5 Dex+4}
   (You took it off an entropy weaver on level 2 of the Spider Nest)

   It affects your strength (+5).
   It affects your dexterity (+4).
   It lets you fly.
   It has a curse placed upon it.
 x - a +0 pair of boots (worn)
 E - a +1 pair of gloves of archery (worn)
 J - a +0 troll leather armour
 V - a +2 hat (worn)
 W - a scarf of resistance (worn)
Jewellery
 a - an uncursed ring of flight
 b - an uncursed ring of see invisible
 o - a +6 ring of intelligence
 r - an uncursed ring of protection from cold
 u - a +4 ring of slaying (left hand)
 v - a ring of poison resistance (right hand)
 w - an uncursed ring of fire
 y - an uncursed ring of protection from magic
 C - an uncursed ring of protection from fire
 I - the brooch of Shielding (around neck) {Spirit SH+8}
   (You found it on level 7 of the Dungeon)

   [amulet of guardian spirit]

   It causes incoming damage to be split between your health and magic.
   It affects your SH (+8).
 K - an uncursed ring of ice
 U - an uncursed amulet of the acrobat
Wands
 k - a wand of flame (44)
 H - a wand of clouds (3)
 Y - a wand of paralysis (35)
Scrolls
 h - 7 scrolls of remove curse
 j - 10 scrolls of enchant armour
 m - 2 scrolls of fog
 n - 3 scrolls of amnesia
 p - 2 scrolls of holy word
 z - 3 scrolls of fear
 A - 2 scrolls of teleportation
 M - 9 scrolls of identify
 S - 4 scrolls of magic mapping
Potions
 l - 4 potions of resistance
 t - 6 potions of ambrosia
 B - a potion of magic
 F - a potion of flight
 G - 5 potions of mutation
 N - 4 potions of brilliance
 O - 2 potions of might
 R - a potion of cancellation
 Z - a potion of haste
Books
 D - a manual of Long Blades
Comestibles
 f - 46 rations


   Skills:
 + Level 10.6 Fighting
 - Level 2.0(12.3) Short Blades
 * Level 18.1 Long Blades
 - Level 3.0 Throwing
 - Level 5.0 Armour
 + Level 15.3 Dodging
 - Level 8.0 Spellcasting
 + Level 7.0 Hexes
 - Level 5.0 Charms
 - Level 2.0 Necromancy
 - Level 3.0 Translocations
 - Level 5.0 Ice Magic


You had 13 spell levels left.
You knew the following spells:

 Your Spells              Type           Power        Failure   Level  Hunger
a - Animate Skeleton      Necr           N/A          6%          1    None
b - Corona                Hex            ###....      1%          1    None
c - Ozocubu's Armour      Chrm/Ice       ###.....     5%          3    ##.....
d - Freeze                Ice            ###.         1%          1    None
e - Blink                 Tloc           N/A          6%          2    #......
f - Tukima's Dance        Hex            ###.....     2%          3    ##.....
g - Cause Fear            Hex            ###.......   8%          4    ####...
h - Leda's Liquefaction   Hex/Erth       ##........   34%         4    ####...

Your spell library contained the following spells:

 Spells                   Type           Power        Failure   Level  Hunger
 Ensorcelled Hibernation  Hex/Ice        ###...       1%          2    #......
 Slow                     Hex            ###.....     1%          2    #......
 Confusing Touch          Hex            ###.....     2%          3    ##.....
 Apportation              Tloc           ##....       4%          1    None
 Frozen Ramparts          Ice            ###...       5%          3    ##.....
 Portal Projectile        Hex/Tloc       ###...       5%          3    ##.....
 Dazzling Flash           Conj/Hex       ##....       11%         3    ##.....
 Inner Flame              Hex/Fire       ##......     11%         3    ##.....
 Magic Dart               Conj           #...         14%         1    None
 Summon Small Mammal      Summ           #...         14%         1    None
 Call Imp                 Summ           #.......     22%         2    #......
 Searing Ray              Conj           #.....       22%         2    #......
 Fulminant Prism          Conj/Hex       ##........   34%         4    ####...
 Conjure Flame            Conj/Fire      #.......     41%         3    ##.....
 Mephitic Cloud           Conj/Pois/Air  #.......     41%         3    ##.....
 Hailstorm                Conj/Ice       ##......     45%         4    ####...
 Summon Ice Beast         Ice/Summ       ##......     45%         4    ####...
 Iskenderun's Mystic Bla  Conj/Tloc      #.......     61%         4    ####...
 Silence                  Hex/Air        ##........   67%         5    ######.
 Yara's Violent Unravell  Hex/Tmut       ##........   67%         5    ######.
 Bolt of Magma            Conj/Fire/Erth #.........   99%         5    ######.
 Irradiate                Conj/Tmut      #.........   99%         5    ######.
 Hydra Form               Tmut           #.........   100%        6    #######
 Iron Shot                Conj/Erth      #.........   100%        6    #######
 Statue Form              Tmut/Erth      #........    100%        6    #######
 Dragon Form              Tmut           #.........   100%        7    #######
 Discord                  Hex            ###.......   100%        8    #######
 Shatter                  Erth           #.........   100%        9    #######


Dungeon Overview and Level Annotations

Branches:
Dungeon (15/15)            Temple (1/1) D:5            Lair (6/6) D:10
  Swamp (4/4) Lair:4       Spider (4/4) Lair:2        Slime (0/5) Lair:5
    Orc (2/2) D:10            Elf (1/3) Orc:2        Vaults (0/5) D:13
 Depths (0/5) D:15

Shops:
D:5 :   Orc:2 %*[*


Innate Abilities, Weirdness & Mutations

You have an increased reservoir of magic. (+10% MP)
You are partially covered in slimy green scales. (AC +2)
You are resistant to hostile enchantments. (MR+)
You occasionally shout uncontrollably at your foes.


Message History

* * * LOW HITPOINT WARNING * * *
Okay, then.
Evoke which item? (* to show all) (? for menu, Esc to quit)
Okay, then.
Unknown command.
Press: ? - help, v - describe, . - travel
Here: a thorn hunter (severely damaged) Some shallow water.
Unknown command.
As you read the scroll of fear, it crumbles to dust.
You assume a fearsome visage.
The thorn hunter is unaffected.
The red ugly thing looks frightened! x3
The purple ugly thing looks frightened!
The red ugly thing looks frightened!
The insubstantial wisp is unaffected.
The swamp worm looks frightened!
A swamp dragon comes into view.
As you read the scroll of summoning, it crumbles to dust.
Wisps of shadow whirl around you...
The thorn hunter fires a volley of thorns at you.
The volley of thorns hits you!
You die...

.≈≈..≈.♣♣ .....≈
≈≈≈..≈≈≈♣ ♣♣♣≈..♣D♣
≈≈≈≈≈≈.♣♣♣♣♣♣♣ ♣≈..#≈≈♣
.(♣♣≈≈♣♣≈≈≈≈.♣♣♣♣..≈u.P♣
.♣♣♣≈≈≈≈P≈≈≈≈≈≈PPu≈uu.♣
≈....≈≈.♣.≈≈≈≈≈PP≈≈.≈♣
.......≈♣♣≈..≈kPPF§u♣
.♣≈...♣♣♣♣♣≈..fPPF§.♣
♣♣≈.≈♣ ♣≈.PPwP@§F♣♣
≈..♣♣♣.....PPPPPF§§♣
♣♣≈≈ ♣PP≈♣♣.≈vl§F§♣♣ ♣≈≈
♣♣♣♣ ♣.....§.♣ .
.≈≈≈≈≈≈≈≈. ≈≈≈..≈≈≈≈≈♣♣
≈≈≈.♣≈≈≈v≈≈ ≈≈≈.≈.≈≈≈≈≈≈


You could see a thorn hunter, a swamp worm (fleeing), an insubstantial wisp, a
friendly komodo dragon (summoned), a friendly spiny frog (summoned, wandering),
4 friendly blink frogs and a friendly swamp drake (summoned).

Vanquished Creatures
  Bai Suzhen (Spider:3)
  Arachne (Spider:3)
  Rupert (D:12)
  Frances (Swamp:1)
  The ghost of Vauhues the Severer, an adept MiBe of Trog (Swamp:3)
  The ghost of lllmatko the Bludgeoner, an adept MiBe of Trog (Swamp:2)
  A thorn hunter (Swamp:2)
  8 emperor scorpions
  2 ghost moths (Spider:4)
  4 entropy weavers
  3 spark wasps
  The ghost of Kaofid the Geomancer, a journeyman GrEE of Vehumet (Lair:5)
  2 fire dragons (D:15)
  9 hydras
  Harold (D:11)
  An ice dragon (Lair:2)
  A death knight (D:14)
  A ghost crab (Swamp:3)
  2 centaur warriors
  An ogre mage (D:13)
  8 alligators
  A death yak (Lair:4)
  A dancing weapon (Lair:5)
  4 two-headed ogres
  A queen ant (Lair:3)
  4 orc high priests (Orc:2)
  6 skeletal warriors
  3 unseen horrors
  A swamp dragon (Swamp:2)
  A wizard (D:14)
  A spriggan druid (Swamp:3)
  A necromancer (Spider:3)
  2 lindwurms (D:15)
  12 wolf spider zombies (Spider:3)
  5 orc sorcerers (Orc:2)
  21 wolf spiders
  6 orc knights
  12 orb spiders
  2 deep elf magi
  4 oklob plants (Lair:5)
  2 cyclopes
  15 ugly things
  2 moths of wrath
  10 black mambas
  5 elephants
  2 gargoyles
  A naga mage (D:15)
  24 spiny frogs
  7 komodo dragons
  An efreet (D:14)
  2 freezing wraiths
  2 centaur skeletons (D:15)
  8 redback zombies (Spider:3)
  7 rime drakes
  10 demonic crawlers
  A queen bee (Lair:2)
  A troll (shapeshifter) (D:13)
  19 jumping spiders
  4 polar bears (Lair:4)
  7 trolls
  8 tyrant leeches
  13 hornets
  7 bog bodies
  3 slime creatures (D:14)
  8 blink frogs
  The ghost of wojtek the Insei, an amateur MfTm (D:3)
  8 tarantella zombies (Spider:3)
  12 hippogriffs
  24 tarantellas
  A centaur simulacrum (D:14)
  51 redbacks
  4 spriggans (Swamp:1)
  9 wyverns
  2 shadows
  28 yaks
  A yak (shapeshifter) (D:15)
  3 fire bats
  A vampire (D:7)
  3 wraiths
  2 steam dragons
  A hungry ghost (D:14)
  2 basilisks
  A water elemental (Elf:1)
  17 vampire mosquitoes
  7 wargs
  9 soldier ants
  16 insubstantial wisps
  An acid dragon (D:11)
  10 swamp worms
  25 water moccasins
  A floating eye (shapeshifter) (D:15)
  6 swamp drakes
  A black bear (shapeshifter) (D:15)
  33 orc warriors
  8 porcupines
  3 hornet zombies
  5 ice beasts
  13 ogres
  4 sky beasts
  A black bear (D:10)
  A phantom (D:10)
  2 necrophages
  23 wolves
  19 centaurs
  15 crocodiles
  4 big kobolds
  20 bullfrogs
  7 scorpions
  31 killer bees
  11 wights
  6 howler monkeys
  3 vampire bats (D:15)
  2 electric eels
  8 crimson imps
  3 centaur zombies
  16 orc priests
  2 water moccasin simulacra (Lair:2)
  A bullfrog zombie (D:12)
  3 bullfrog skeletons
  5 hounds
  18 jellies
  Jessica (D:3)
  5 iguanas
  19 orc wizards
  45 worker ants
  A killer bee zombie (D:6)
  A bullfrog simulacrum (Lair:2)
  A hound zombie (D:10)
  5 hound skeletons
  A worker ant zombie (D:5)
  7 gnolls
  A howler monkey skeleton (D:4)
  16 adders
  5 shadow imps
  7 oozes
  An adder skeleton (D:9)
  An adder zombie (D:3)
  9 worms
  A dart slug (D:1)
  4 leopard geckos
  126 orcs
  5 ball pythons
  18 bats
  8 giant cockroaches
  8 goblins
  9 hobgoblins
  5 jackals
  26 kobolds
  6 quokkas
  6 frilled lizards
  2 jackal skeletons
  A quokka skeleton (D:3)
  A quokka zombie (D:8)
  9 rats
  2 briar patches (Swamp:2)
  2 fungi (Lair:6)
1187 creatures vanquished.

Vanquished Creatures (collateral kills)
  The ghost of raetorn the Swashbuckler, a journeyman VSBe of Trog (Lair:2)
  4 hydras
  A spriggan druid (Swamp:1)
  A swamp dragon (Swamp:1)
  A black mamba (Lair:6)
  A guardian serpent (Lair:6)
  4 spiny frogs
  A komodo dragon (Lair:6)
  A polar bear (Lair:6)
  A tyrant leech (Swamp:1)
  A hornet (Swamp:1)
  A hippogriff (Lair:4)
  A spriggan (Swamp:1)
  2 wyverns (Lair:6)
  3 yaks
  6 water moccasins
  A black mamba simulacrum (Lair:2)
  An ogre (D:6)
  3 jellies (Lair:5)
  An orc priest (D:6)
  An orc wizard (Orc:2)
  A bullfrog simulacrum (Lair:2)
  An orc (Orc:2)
  3 plants (Lair:6)
42 creatures vanquished.

Vanquished Creatures (others)
  4 redbacks
  A dancing weapon (D:13)
  A briar patch (Swamp:2)
  A bush (Lair:6)
  21 fungi
  29 plants
57 creatures vanquished.

Grand Total: 1286 creatures vanquished

Notes
Turn   | Place    | Note
-------+----------+-------------------------------------------
     0 | D:1      | Drachen the Demigod Gladiator began the quest for the Orb.
     0 | D:1      | Reached XP level 1. HP: 17/17 MP: 3/3
   173 | D:1      | Reached XP level 2. HP: 21/24 MP: 4/4
   192 | D:1      | Reached skill level 1 in Armour
   193 | D:1      | Reached skill level 3 in Long Blades
   699 | D:2      | Found a glowing silver altar of Zin.
   699 | D:2      | Found a sacrificial altar of Ru.
   702 | D:2      | Found a stormy altar of Qazlal.
   747 | D:2      | Reached XP level 3. HP: 26/29 MP: 5/5
  1598 | D:2      | Reached XP level 4. HP: 33/36 MP: 6/6
  2600 | D:3      | Noticed Jessica
  2606 | D:3      | Killed Jessica
  2606 | D:3      | Reached XP level 5. HP: 28/41 MP: 7/7
  3736 | D:3      | Reached skill level 4 in Long Blades
  4193 | D:4      | You fall into a shaft and drop 1 floor!
  4193 | D:5      | Entered Level 5 of the Dungeon
  4250 | D:5      | Reached XP level 6. HP: 45/48 MP: 8/8
  4692 | D:5      | Found a staircase to the Ecumenical Temple.
  4798 | Temple   | Entered the Ecumenical Temple
  5223 | D:5      | Reached skill level 5 in Long Blades
  5223 | D:5      | Reached skill level 5 in Dodging
  5223 | D:5      | Reached XP level 7. HP: 41/53 MP: 9/9
  5389 | D:5      | Found a runed translucent gate.
  5389 | D:5      | Found a runed translucent gate.
  5389 | D:5      | Found a runed translucent gate.
  5390 | D:5      | Noticed wojtek's ghost (amateur MfTm)
  5390 | D:5      | Identified the +11 short sword of Resourcefulness {drain,
                  | rF++ MR- Int+5}
  5875 | D:3      | Killed wojtek's ghost
  6524 | D:4      | Reached skill level 6 in Long Blades
  7120 | D:5      | Found Plog's Book Emporium.
  7124 | D:5      | Bought a book of Cantrips for 260 gold pieces
  7126 | D:5      | Learned a level 1 spell: Animate Skeleton
  7242 | D:5      | Reached XP level 8. HP: 62/62 MP: 10/10
  7327 | D:6      | Learned a level 1 spell: Corona
  7342 | D:6      | Reached skill level 1 in Spellcasting
  7402 | D:6      | Found a transporter.
  7481 | D:6      | Found a transporter.
  7520 | D:6      | HP: 2/66 [orc priest/nerve-wracking pain (7)]
  7859 | D:6      | Reached skill level 5 in Fighting
  8015 | D:6      | Reached skill level 1 in Hexes
  8015 | D:6      | Reached skill level 1 in Necromancy
  8025 | D:6      | Reached XP level 9. HP: 61/74 MP: 16/16
  8190 | D:6      | Reached skill level 5 in Armour
  8978 | D:7      | Found a sand-covered staircase.
  9192 | D:7      | Found a hazy altar of Hepliaklqana.
  9452 | D:7      | Found the brooch of Shielding {Spirit SH+8}
  9455 | D:7      | Found a runed translucent door.
  9461 | D:7      | Noticed a red ugly thing
  9471 | D:7      | Killed a red ugly thing
  9684 | D:7      | Noticed a skeletal warrior
  9777 | D:7      | Killed a skeletal warrior
  9777 | D:7      | Reached skill level 1 in Short Blades
  9777 | D:7      | Reached XP level 10. HP: 44/86 MP: 10/17
 10733 | D:9      | Got a pitted golden amulet
 10739 | D:9      | Identified the amulet "Koixynt" {Acrobat rElec MR- Int+2}
                  | (You found it on level 9 of the Dungeon)
 11201 | D:9      | Noticed a two-headed ogre
 11221 | D:8      | Reached skill level 7 in Long Blades
 11869 | D:9      | Killed a two-headed ogre
 12178 | D:9      | Reached XP level 11. HP: 77/95 MP: 17/19
 12292 | D:10     | Entered Level 10 of the Dungeon
 12390 | D:10     | Noticed an orc knight
 12393 | D:10     | Found a roughly hewn altar of Beogh.
 12408 | D:10     | Killed an orc knight
 12445 | D:10     | Found a staircase to the Orcish Mines.
 12448 | D:10     | Noticed a two-headed ogre
 12468 | D:10     | Killed a two-headed ogre
 12468 | D:10     | Reached skill level 8 in Long Blades
 12695 | D:10     | Got a fine robe
 12706 | D:10     | Identified the +2 robe of Immorality {rF+ rCorr} (You found
                  | it on level 10 of the Dungeon)
 12853 | D:10     | Found a staircase to the Lair.
 12868 | D:10     | Reached skill level 10 in Dodging
 13064 | D:10     | Got a transparent long sword
 13065 | D:10     | Identified the +7 long sword of Siroe {venom, rElec rC+
                  | Stlth+} (You found it on level 10 of the Dungeon)
 13327 | Lair:1   | Entered Level 1 of the Lair of Beasts
 14031 | Lair:1   | Reached skill level 9 in Long Blades
 14263 | Lair:2   | Reached skill level 10 in Fighting
 14769 | Lair:2   | Learned a level 3 spell: Ozocubu's Armour
 14935 | Lair:2   | Reached skill level 1 in Ice Magic
 14938 | Lair:2   | Reached skill level 1 in Charms
 15002 | Lair:2   | Found a runed translucent gate.
 15003 | Lair:2   | Found a runed translucent gate.
 15004 | Lair:2   | Found a runed translucent gate.
 15348 | Lair:2   | Noticed raetorn's ghost (journeyman VSBe)
 15349 | Lair:2   | Noticed an ice dragon
 15367 | Lair:2   | Reached XP level 12. HP: 106/106 MP: 21/21
 15415 | Lair:2   | Gained mutation: You occasionally shout uncontrollably at
                  | your foes. [potion of mutation]
 15415 | Lair:2   | Gained mutation: You are resistant to hostile enchantments.
                  | (MR+) [potion of mutation]
 15415 | Lair:2   | Gained mutation: You are partially covered in slimy green
                  | scales. (AC +2) [potion of mutation]
 15527 | Lair:2   | Found a hole to the Spider Nest.
 15684 | Lair:2   | Killed an ice dragon
 15694 | Lair:2   | Reached skill level 10 in Long Blades
 15739 | Lair:2   | Killed raetorn's ghost
 16676 | Lair:3   | Got a transparent robe
 16687 | Lair:3   | Identified the cursed +0 robe of Plog {rElec rC+++ Str-4
                  | Int+2} (You found it on level 3 of the Lair of Beasts)
 16688 | Lair:3   | Identified a scroll of acquirement
 16692 | Lair:3   | Acquired 1280 gold pieces
 17084 | Lair:4   | Noticed a six-headed hydra
 17101 | Lair:3   | Learned a level 1 spell: Freeze
 17178 | Lair:4   | Found a staircase to the Swamp.
 17233 | Lair:4   | Reached skill level 5 in Spellcasting
 17689 | Lair:4   | Killed a seven-headed hydra
 18107 | Lair:5   | Learned a level 2 spell: Blink
 18139 | Lair:5   | Noticed a six-headed hydra
 18201 | Lair:5   | Found a staircase to the Slime Pits.
 18309 | Lair:5   | Found a runed translucent door.
 18309 | Lair:5   | Found a shimmering altar of Xom.
 18309 | Lair:5   | Noticed Kaofid's ghost (journeyman GrEE)
 18566 | Lair:5   | Reached XP level 13. HP: 93/113 MP: 18/25
 19155 | Lair:5   | Reached skill level 1 in Translocations
 19222 | Lair:5   | Reached skill level 5 in Charms
 19574 | Lair:6   | Entered Level 6 of the Lair of Beasts
 19598 | Lair:6   | Reached skill level 5 in Ice Magic
 19606 | Lair:6   | Got a translucent chain mail
 19617 | Lair:6   | Identified the cursed +1 chain mail of Pojytte {rElec rC+
                  | MP+9} (You found it on level 6 of the Lair of Beasts)
 20084 | Lair:5   | Reached skill level 11 in Long Blades
 21013 | Lair:6   | Got a shimmering chain mail
 21039 | Lair:5   | Identified the +1 chain mail of Wasted Space {Str+3} (You
                  | found it on level 6 of the Lair of Beasts)
 22193 | Lair:5   | Killed Kaofid's ghost
 22531 | Orc:1    | Entered Level 1 of the Orcish Mines
 22607 | Orc:1    | Learned a level 3 spell: Tukima's Dance
 22608 | Orc:2    | Entered Level 2 of the Orcish Mines
 22717 | Orc:2    | Found a staircase to the Elven Halls.
 22848 | Orc:2    | Reached skill level 12 in Long Blades
 23233 | Orc:2    | Reached XP level 14. HP: 54/121 MP: 15/28
 23257 | Orc:2    | Found Opnumusch's General Store.
 23260 | Orc:2    | Found Okauk's Antique Armour Shop.
 23376 | Orc:2    | Paralysed by an orc sorcerer for 2 turns
 23725 | Orc:2    | Found Ruower's Food Emporium.
 23741 | Orc:2    | Found Piub's General Store.
 23761 | Orc:2    | Bought 2 potions of heal wounds for 140 gold pieces
 23802 | Orc:2    | Bought a jewelled scale mail for 324 gold pieces
 23812 | Orc:2    | Identified the cursed +1 scale mail "Gaelluph" {rPois} (You
                  | bought it in a shop on level 2 of the Orcish Mines)
 23819 | Orc:2    | Bought a glowing scarf for 288 gold pieces
 24869 | D:11     | Noticed Harold
 24885 | D:11     | Killed Harold
 25845 | D:12     | Noticed Rupert
 25874 | D:12     | Killed Rupert
 27132 | D:13     | Identified the +3 fire dragon scales of Bespelled Leaves
                  | {*Corrode rF++ rC- Dex+3 Slay+5}
 27353 | D:13     | Found a gate to the Vaults.
 27826 | D:14     | Reached skill level 13 in Long Blades
 29144 | D:15     | Entered Level 15 of the Dungeon
 29199 | D:15     | Reached skill level 5 in Hexes
 29816 | D:15     | Reached XP level 15. HP: 123/126 MP: 28/31
 29908 | D:15     | Found a staircase to the Depths.
 29975 | D:15     | Got a heavily runed ring mail
 29986 | D:15     | Identified the cursed +1 ring mail of Forking Paths {rElec
                  | rPois rF+} (You found it on level 15 of the Dungeon)
 30409 | D:15     | Reached skill level 14 in Long Blades
 31216 | Orc:2    | Bought a potion of might for 64 gold pieces
 31216 | Orc:2    | Bought a potion of haste for 160 gold pieces
 31238 | Orc:2    | Bought a potion of curing for 42 gold pieces
 31280 | Elf:1    | Entered Level 1 of the Elven Halls
 31293 | Elf:1    | Learned a level 4 spell: Cause Fear
 31608 | Spider:1 | Entered Level 1 of the Spider Nest
 33401 | Spider:2 | Reached skill level 15 in Long Blades
 33407 | Spider:2 | Identified the cursed +1 robe of Wanlops {+Fly Str+5 Dex+4}
 35052 | Spider:3 | Noticed Arachne
 35068 | Spider:3 | Killed Arachne
 35068 | Spider:3 | Reached XP level 16. HP: 80/134 MP: 18/32
 35435 | Spider:3 | Got a fading rapier
 35436 | Spider:3 | Identified the +7 rapier "Leuheil" {vorpal, *Drain +Blink
                  | +Inv rC+} (You found it on level 3 of the Spider Nest)
 35590 | Spider:4 | Entered Level 4 of the Spider Nest
 35590 | Spider:4 | Noticed Bai Suzhen
 36345 | Spider:4 | Reached skill level 16 in Long Blades
 37957 | Spider:4 | Reached skill level 15 in Dodging
 39383 | Spider:4 | Reached skill level 17 in Long Blades
 39859 | Spider:4 | Got a gossamer rune of Zot
 40763 | Spider:3 | Killed Bai Suzhen
 41369 | Spider:4 | Learned a level 4 spell: Leda's Liquefaction
 41517 | Swamp:1  | Entered Level 1 of the Swamp
 42011 | Swamp:1  | Noticed Frances
 42032 | Swamp:1  | Killed Frances
 44667 | Swamp:2  | Reached XP level 17. HP: 117/141 MP: 26/33
 45196 | Swamp:3  | Found a runed translucent gate.
 45196 | Swamp:3  | Found a runed translucent gate.
 45196 | Swamp:3  | Found a runed translucent gate.
 45207 | Swamp:3  | Noticed lllmatko's ghost (adept MiBe)
 45208 | Swamp:3  | Noticed Vauhues's ghost (adept MiBe)
 45232 | Swamp:2  | Killed lllmatko's ghost
 45334 | Swamp:3  | Killed Vauhues's ghost
 46122 | Swamp:3  | Reached skill level 18 in Long Blades
 46710 | Swamp:4  | Entered Level 4 of the Swamp
 46779 | Swamp:4  | Killed from afar by a thorn hunter

Illustrated notes

Levels and vault maps discovered:
D:1:      lightli_arrival_flooded_house, layout_basic
D:2:      minmay_wonky_spiral, layout_basic, gammafunk_temple_overflow_claw,
          minmay_misc_feat_ornament
D:3:      layout_basic, first_ration, uniq_jessica
D:4:      layout_cave_pods, nicolae_overflow_hidden_temple,
          gammafunk_temple_overflow_elements
D:5:      layout_loops_ring, minmay_temple_entry_large_hall,
          gammafunk_ghost_nasty_kobolds, serial_shops,
          nicolae_shop_behind_doors, minmay_manual_mail
D:6:      gammafunk_cloud_chamber, layout_layer_cave
D:7:      minmay_the_grid_triangle_9x9_rhombus_thin
          [minmay_the_grid_triangle_9x9_subtriangle,
          minmay_the_grid_triangle_9x9_prize_schism,
          minmay_the_grid_triangle_9x9_pentomino_pain,
          minmay_the_grid_triangle_9x9_windchime], layout_loops_ring,
          overflow_temple_1_default, nicolae_ossuary_entry_monument
D:8:      layout_rooms
D:9:      layout_basic, special_room [special_room_orc], minmay_misc_feat_cross,
          st_stairs_12, hangedman_little_slice_of_home
D:10:     layout_small_grid, david_lair_generic, david_orc_5, feat_on_display
D:11:     layout_long_grid, st_stairs_12, lightli_fourway_metalbox, uniq_harold
D:12:     layout_small_grid, uniq_rupert
D:13:     layout_roguey, david_vaults_2, serial_curves, eino_curves_03,
          eino_curves_02, eino_curves_02
D:14:     layout_layer_cave, minmay_misc_feat_four_crosses, nooodl_orcs_dogs
D:15:     hangedman_depths_entry_try_elsewhere_first, layout_loops_ring,
          hangedman_parallel_progression
Temple:   regret_index_temple_waves
Lair:1:   layout_big_grid
Lair:2:   layout_loops_ring, spider_nest_entry_a, gammafunk_ghost_icy,
          special_room [special_room_bee], beast_lair_carwin_1
Lair:3:   layout_regular_city, zaba_antful_of_joy
Lair:4:   layout_loops_ring, swamp_mist, beast_lair_carwin_6
Lair:5:   layout_long_grid, minmay_slime_entry_jelly_boxes, ebering_ghost_xom,
          minmay_lair_oklob_chamber, grunt_megastairs_5
Lair:6:   hangedman_lair_tendril_chambers, layout_misc_corridors,
          grunt_forest_small_clearings, chequers_serial_rivers_room_a,
          grunt_megastairs_4
Swamp:1:  layout_basic_swamp, hangedman_swamp_cone, nicolae_swamp_spriggan_camp,
          uniq_frances
Swamp:2:  layout_basic_swamp, hangedman_swamp_diagram
Swamp:3:  layout_basic_swamp, gammafunk_ghost_cemetery,
          nicolae_swamp_rocky_clearing, swamp_pool3
Swamp:4:  swamp_old_school, layout_basic_swamp, uniq_nikola, uniq_donald,
          uniq_roxanne
Spider:1: layout_spider_delve
Spider:2: cheibrodos_spider_silkery
Spider:3: lemuel_spider_zombies, uniq_arachne
Spider:4: guppyfry_spider_rune, hangedman_spider_mandibles, uniq_bai_suzhen
Orc:1:    layout_caves
Orc:2:    st_orc_elflike, layout_diamond_mine
Elf:1:    gammafunk_its_a_trap, layout_loops_cross, serial_shops, shop_coins,
          shop_fountains, hangedman_elf_represent

Skill      XL: |  1  2  3  4  5  6  7  8  9 10 11 12 13 14 15 16 17 |
---------------+----------------------------------------------------+-----
Armour         | 1 2 3 4 5 |  5.0
Long Blades    | 3 4 5 6 7 9 10 12 13 15 17 18 | 18.1
Dodging        | 3 4 5 6 8 9 10 11 12 13 14 15 | 15.3
Fighting       | 2 5 7 8 10 | 10.6
Spellcasting   | 3 5 7 8 |  8.0
Hexes          | 1 2 5 6 7 |  7.0
Necromancy     | 1 2 |  2.0
Throwing       | 2 3 |  3.0
Short Blades   | 1 2 |  2.0
Ice Magic      | 2 4 5 |  5.0
Charms         | 2 4 5 |  5.0
Translocations | 3 |  3.0

Action                   |  1- 3 |  4- 6 |  7- 9 | 10-12 | 13-15 | 16-18 || total
-------------------------+-------+-------+-------+-------+-------+-------++-------
Melee: Long sword        |   147 |   251 |   104 |   412 |  1672 |   450 ||  3036
       Short sword       |       |       |   186 |   417 |   117 |     2 ||   722
       Triple sword      |       |       |       |       |    26 |   284 ||   310
       Scimitar          |       |       |       |       |     5 |    42 ||    47
Throw: Throwing net      |       |     3 |     1 |       |       |       ||     4
       Dart              |       |       |     7 |     9 |    20 |     4 ||    40
       Javelin           |       |       |       |     3 |       |       ||     3
 Cast: Animate Skeleton  |       |       |     7 |    12 |    49 |     7 ||    75
       Corona            |       |       |       |     3 |     1 |       ||     4
       Ozocubu's Armour  |       |       |       |    11 |    70 |    31 ||   112
       Freeze            |       |       |       |     2 |     4 |       ||     6
       Blink             |       |       |       |       |    14 |    14 ||    28
       Tukima's Dance    |       |       |       |       |     6 |       ||     6
       Cause Fear        |       |       |       |       |     1 |       ||     1
 Abil: Evoke Flight      |       |       |       |       |       |     2 ||     2
Evoke: Wand              |       |       |     5 |    13 |     9 |    11 ||    38
       Lightning rod     |       |       |       |       |     6 |       ||     6
       Box of beasts     |       |       |       |       |     1 |       ||     1
       Tin of tremorston |       |       |       |       |     1 |       ||     1
  Use: Potion            |     1 |     5 |     3 |     1 |    12 |    16 ||    38
       Scroll            |       |     5 |     6 |    14 |    23 |     7 ||    55
 Stab: Held in net/web   |       |     2 |     2 |       |     3 |     3 ||    10
       Distracted        |       |       |     1 |     2 |     1 |     4 ||     8
       Sleeping          |       |       |     1 |     8 |    12 |     1 ||    22
       Confused          |       |       |       |     5 |       |     2 ||     7
       Invisible         |       |       |       |       |     4 |       ||     4
       Paralysed         |       |       |       |       |     4 |       ||     4
  Eat: Chunk             |     2 |    11 |     9 |    26 |    47 |     7 ||   102
       Ration            |       |       |     2 |     1 |     5 |     9 ||    17
Armor: Chain mail        |    73 |       |       |    60 |       |       ||   133
       Ring mail         |    30 |    37 |    36 |       |       |       ||   103
       Scale mail        |       |    73 |    56 |       |       |       ||   129
       Skin              |       |       |    25 |       |       |       ||    25
       Troll leather arm |       |       |       |    79 |   289 |       ||   368
       Plate armour      |       |       |       |    24 |       |       ||    24
       Robe              |       |       |       |       |    19 |   116 ||   135
Dodge: Dodged            |   108 |   147 |   170 |   555 |  1667 |   965 ||  3612
Block: Other             |       |       |     6 |   305 |   727 |   372 ||  1410
       Rpst.: Long sword |    33 |    40 |    20 |   109 |   366 |    75 ||   643
       Triple sword      |       |       |       |       |    11 |    56 ||    67
       Scimitar          |       |       |       |       |       |     6 ||     6
